 Dungeon Crawl Stone Soup version 0.23.2-40-g277498a (webtiles) character file.

Game seed: 18099702994509132479

146 silentkaos13 the Skirmisher (level 5, -6/46 HPs)
             Began as a Formicid Fighter on Oct 11, 2019.
             Mangled by an ogre
             ... wielding a +0 giant club
              (12 damage)
             ... on level 3 of the Dungeon.
             The game lasted 00:04:24 (2259 turns).

silentkaos13 the Skirmisher (Formicid Fighter)      Turns: 2259, Time: 00:04:24

Health: -6/46      AC:  8    Str: 22    XL:     5   Next: 53%
Magic:  5/5        EV:  8    Int:  7    God:
Gold:   227        SH:  9    Dex: 10    Spells: 4/4 levels left

rFire    . . .     SeeInvis +   a - +0 long sword
rCold    . . .     Gourm    .   c - +0 shield
rNeg     . . .     Faith    .   b - +0 scale mail
rPois    .         Spirit   .   (helmet unavailable)
rElec    .         Reflect  .   (no cloak)
rCorr    .         Harm     .   s - +0 pair of gloves
MR       .....                  (no boots)
Stlth    ..........             (no amulet)
HPRegen  0.15/turn              (no ring)
MPRegen  0.09/turn              (no ring)

@: no status effects
A: permanent stasis, dig shafts and tunnels, four strong arms, antennae 3
a: Dig, Shaft Self


You were on level 3 of the Dungeon.
You were not hungry.

You visited 1 branch of the dungeon, and saw 3 of its levels.

You collected 227 gold pieces.

Inventory:

Hand Weapons
 a - a +0 long sword (weapon)
Armour
 b - a +0 scale mail (worn)
 c - a +0 shield (worn)
 s - a +0 pair of gloves (worn)
Scrolls
 e - a scroll of immolation {unknown}
 j - a scroll of enchant armour {unknown}
 k - 2 scrolls of remove curse {unknown}
 l - a scroll of random uselessness {unknown}
 o - 3 scrolls of teleportation {unknown}
 q - 2 scrolls of identify {unknown}
 t - 3 scrolls of fear {unknown}
Potions
 d - a potion of might
 g - a potion of brilliance {unknown}
 h - 2 potions of heal wounds {unknown}
 i - 4 potions of curing {unknown}
 m - a potion of ambrosia {unknown}
 n - a potion of berserk rage {unknown}
 p - a potion of agility {unknown}
Comestibles
 f - 9 rations


   Skills:
 + Level 5.7 Fighting
 - Level 2.2 Long Blades
 - Level 3.7 Armour
 - Level 0.4 Dodging
 - Level 3.9 Shields


You had 4 spell levels left.
You didn't know any spells.
Your spell library was empty.

Dungeon Overview and Level Annotations

Branches:
Dungeon (3/15)

Altars:
Dithmenos
Gozag
Vehumet
Zin
The Shining One


Innate Abilities, Weirdness & Mutations

You cannot be hasted, slowed, berserked, paralysed or teleported.
You can dig through walls and to a lower floor.
Your four strong arms can wield two-handed weapons with a shield.
You have a pair of large antennae on your head. (SInv)


Message History

Really walk into a travel-excluded area? [Y]es or [N]o only, please.
Really walk into a travel-excluded area?
Okay, then.
You sense a monster nearby.
An ogre comes into view. It is wielding a +0 giant club.
The ogre shouts!
You hear a shout!
A goblin comes into view. It is wielding a -2 club.
The ogre hits you with a +0 giant club!!
Ouch! That really hurt!
Your shield and scale mail prevent you from hitting the ogre.
You block the ogre's attack.
You slash the ogre!
The ogre is moderately wounded.
The ogre hits you with a +0 giant club!!
* * * LOW HITPOINT WARNING * * *
You slash the ogre!
The ogre is severely wounded.
The ogre hits you with a +0 giant club!
You die...

#.##.#... #.#.##.#...
#.#.#..#... #.#.#.##...
#.#.......#
#######.###.##..#
#.....#.#...<...#
..######.###.#.#.#.....#
......O@.##....#.#.....#
......g.................
.#.########....#.#.....#
#............#
#............#
#............#
##'#.........#
#.#.#.....^.#
#.#.####..###


You could see an ogre and a goblin.

Vanquished Creatures
  A hound (D:2)
  Jessica (D:2)
  3 worms (D:2)
  2 dart slugs (D:2)
  4 leopard geckos
  7 orcs (D:3)
  2 giant cockroaches
  7 goblins
  6 hobgoblins
  8 jackals
  5 kobolds
  A quokka (D:3)
  4 bats (D:1)
  4 frilled lizards
  A quokka skeleton (D:3)
  7 rats
63 creatures vanquished.

Vanquished Creatures (others)
  A bat (D:3)
1 creature vanquished.

Grand Total: 64 creatures vanquished

Notes
Turn   | Place    | Note
-------+----------+-------------------------------------------
     0 | D:1      | silentkaos13 the Formicid Fighter began the quest for the
                  | Orb.
     0 | D:1      | Reached XP level 1. HP: 18/18 MP: 1/1
    64 | D:1      | Reached XP level 2. HP: 18/24 MP: 2/2
   405 | D:1      | Reached XP level 3. HP: 27/29 MP: 3/3
   793 | D:2      | Found a glowing golden altar of the Shining One.
   819 | D:2      | Reached skill level 4 in Fighting
   819 | D:2      | Reached XP level 4. HP: 16/38 MP: 4/4
  1217 | D:2      | Reached skill level 5 in Fighting
  1671 | D:2      | Noticed Jessica
  1679 | D:2      | Killed Jessica
  1679 | D:2      | Reached XP level 5. HP: 44/44 MP: 5/5
  1684 | D:2      | Found an opulent altar of Gozag.
  1684 | D:2      | Found a shadowy altar of Dithmenos.
  1689 | D:2      | Found a glowing silver altar of Zin.
  2162 | D:3      | Found a radiant altar of Vehumet.
  2255 | D:3      | Noticed an ogre
  2259 | D:3      | Mangled by an ogre

Skill      XL: |  1  2  3  4 |
---------------+-------------+-----
Fighting       | 4 5 |  5.7
Long Blades    | |  2.2
Armour         | |  3.7
Dodging        | |  0.4
Shields        | |  3.9

Action                   |  1- 3 |  4- 6 || total
-------------------------+-------+-------++-------
Melee: Long sword        |   120 |   115 ||   235
  Eat: Chunk             |       |     5 ||     5
Armor: Scale mail        |    52 |    86 ||   138
Dodge: Dodged            |    40 |    80 ||   120
Block: Shield            |    72 |    95 ||   167
       Rpst.: Long sword |     9 |    23 ||    32
